Map: Ultralove

Players

XanthiX

  • Race: Terran Terran
  • League: Silver
  • Spawn Location: 7:00

wootwoot - Winner!

  • Race: Zerg Zerg
  • League: Silver
  • Spawn Location: 1:00

VOD

Have the link to the VOD?

Description

Time

  • Played on: April 1, 2025, 3:51 p.m.
  • Length: 6:55
Show
View Real Time Build Order
Export as new Build Order

XanthiX Terran 

Build Orders:  

Get SALT Encoding   

  12  0:00  SCV  
  13  0:14  Supply Depot  
  13  0:26  SCV  
  14  0:37  Barracks  
  14  0:38  SCV  
  15  0:50  SCV  
  16  1:02  SCV  
  17  1:07  Barracks  
  17  1:25  Orbital Command  
  17  1:46  Command Center  
  17  1:52  Refinery  
  17  1:56  Refinery  
  17  2:06  Supply Depot  
  17  2:09  SCV  
  18  2:28  Barracks Tech Lab  
  18  2:36  Barracks  
  18  2:43  Supply Depot  
  18  2:46  Barracks Reactor  
  18  2:48  Marauder  
  18  2:51  Concussive Shells  
  19  3:12  Marauder  
  19  3:30  Marine x2  
  12  3:37  Marauder  
  3  3:56  Engineering Bay  
  1  4:22  Planetary Fortress  
  1  4:40  Marine  
  1  4:42  Marine  
  3  5:52  SCV  
  4  6:21  SCV  
Show
View Real Time Build Order
Export as new Build Order

wootwoot Zerg - Winner!

Build Orders: Hatch First 

Get SALT Encoding   

  12  0:00  Drone  
  13  0:12  Overlord  
  13  0:16  Drone  
  14  0:31  Drone x2  
  16  0:48  Hatchery  
  15  0:52  Drone  
  15  0:53  Drone  
  15  0:56  Drone  
  18  0:59  Extractor  
  17  1:13  Spawning Pool  
  17  1:15  Drone  
  17  1:20  Drone  
  18  1:30  Drone  
  19  1:40  Overlord  
  19  2:00  Metabolic Boost  
  19  2:01  Queen x2  
  19  2:04  Zergling x2  
  19  2:06  Zergling x2  
  25  2:12  Zergling x2  
  25  2:15  Zergling x2  
  27  2:17  Zergling x2  
  28  2:24  Baneling Nest  
  28  2:26  Drone  
  28  2:30  Zergling x2  
  28  2:33  Zergling x2  
  30  2:37  Zergling x2  
  31  2:44  Overlord  
  31  2:49  Overlord  
  31  2:56  Zergling x2  
  32  3:04  Zergling x2  
  33  3:06  Zergling x4  
  33  3:12  Zergling x4  
  37  3:15  Zergling x2  
  37  3:18  Zergling x2  
  38  3:22  Zergling x4  
  38  3:26  Zergling x2  
  44  3:50  Lair  
  39  3:56  Drone x3  
  39  3:57  Drone  
  39  3:58  Drone x2  
  45  4:03  Drone  
  45  4:07  Drone  
  47  4:11  Extractor  
  47  4:12  Extractor  
  47  4:14  Extractor  
  47  4:15  Drone  
  47  4:16  Drone  
  46  4:17  Drone  
  46  4:21  Drone  
  46  4:23  Drone  
  49  4:25  Drone  
  50  4:31  Drone  
  50  4:35  Overlord  
  51  4:49  Spire  
  51  4:52  Drone  
  51  4:55  Drone x2  
  51  4:57  Drone  
  54  5:00  Drone  
  54  5:03  Drone  
  54  5:06  Drone  
  57  5:08  Drone  
  57  5:11  Drone  
  59  5:16  Overlord  
  59  5:21  Overlord  
  59  5:25  Overlord  
  56  5:40  Drone x3  
  56  5:41  Drone  
  56  5:42  Drone  
  61  6:00  Mutalisk  
  61  6:01  Mutalisk x5  
  61  6:02  Mutalisk  
  75  6:05  Mutalisk  
  75  6:09  Mutalisk  
  79  6:12  Mutalisk  
  81  6:19  Mutalisk  
  83  6:32  Overlord  
  83  6:33  Overlord x4  
Tags
 
Matchup
TvZ
Replay Pack
B2M-Replays
Spawn Locations
Cross Positions
Add a new tag
Caveats
  • Supply blocks, unpowered buildings, or Contaminate may cause inaccurate times.
  • Supply counts are checked every 10 seconds.